 Dungeon Crawl Stone Soup version 0.14-a0-2019-gd9bc7f0 (webtiles) character file.

192234 Kae the Imperceptible (level 17, -1/135 HPs)
             Began as a Spriggan Enchanter on Jan 19, 2014.
             Was a High Priest of Dithmengos.
             Succumbed to a greater naga's poison arrow
             ... on Level 5 of the Snake Pit on Jan 20, 2014.
             The game lasted 02:20:40 (43152 turns).

Kae the Imperceptible (Spriggan Enchanter)         Turns: 43152, Time: 02:20:40

HP  -1/135       AC 28     Str 14      XL: 17   Next: 91%
MP  30/33        EV  1     Int 15      God: Dithmengos [*****.]
Gold 3775        SH  0     Dex 23      Spells:  6 memorised, 17 levels left

rFire  . . .     SeeInvis +     b - +5,+6 dagger (speed)
rCold  . . .     Clarity  +     z - melded +1 robe
rNeg   + + +     Conserve .     (shield restricted)
rPois  +         rCorr    .     c - +0 hat
rElec  .         rRot     .     S - melded +0 cloak
SustAb . .       Spirit   .     (gloves unavailable)
rMut   .         Warding  .     (boots unavailable)
Saprov . . .     NoTele   +     m - amulet of clarity
MR     ++...                    Q - ring of poison resistance
                                j - +5 ring of strength

@: tree-form (expiring), silence, agile, very poisoned, wreathed by umbra, very
resistant to hostile enchantments, uncannily stealthy
A: unfitting armour, (hooves 0), rugged brown scales 1, see invisible, dopey 1,
herbivore 3, (speed 0), low mp 1, slow metabolism 2
a: no special abilities


You were on level 5 of the Snake Pit.
You worshipped Dithmengos.
Dithmengos was extremely pleased with you.
You were not hungry.
You were an animated tree.
You visited 5 branches of the dungeon, and saw 33 of its levels.
You also visited: Labyrinth and Volcano.

You collected 3775 gold pieces.

Inventory:

Hand weapons
 a - a +3,+3 dagger
 b - a +5,+6 dagger of speed (weapon)
Armour
 c - a +0 hat (worn)
 z - a +1 robe (melded)
 S - a +0 cloak (melded)
Magical devices
 d - a wand of teleportation (8)
 v - a wand of heal wounds (0)
 D - a wand of digging (3)
Comestibles
 A - 4 bread rations
Scrolls
 n - 6 scrolls of remove curse
 w - 9 scrolls of teleportation
 x - 6 scrolls of blinking
 y - a scroll of magic mapping
 F - a scroll of enchant armour
 I - a scroll of fog
 O - 7 scrolls of identify
Jewellery
 j - a +5 ring of strength (left branch)
 m - an amulet of clarity (around neck)
 r - a +5 ring of protection
 s - an uncursed ring of regeneration
 B - an uncursed amulet of stasis
 Q - a ring of poison resistance (right branch)
 T - an uncursed ring of protection from magic
 V - the ring "Shupnis" {+Fly Dex+3 Int+3}
   (You found it in a labyrinth)

   [ring of dexterity]

   It affects your dexterity (+3).
   It affects your intelligence (+3).
   It lets you fly.
Potions
 e - 3 potions of flight
 f - 19 potions of curing
 g - a potion of mutation
 k - 6 potions of heal wounds
 p - 4 potions of restore abilities
 t - 7 potions of brilliance
 u - a potion of speed
 K - a potion of invisibility
 L - 2 potions of resistance
Books
 h - a book of the Sky

   Spells                             Type                      Level
   *Flight                            Charms/Air                   3
   Airstrike                          Air                          4
   *Silence                           Hexes/Air                    5
   Deflect Missiles                   Charms/Air                   6
   Conjure Ball Lightning             Conjuration/Air              6
   Tornado                            Air                          9
 C - a book of the Dragon

   Spells                             Type                      Level
   *Flight                            Charms/Air                   3
   Cause Fear                         Hexes                        4
   Bolt of Fire                       Conjuration/Fire             6
   Dragon Form                        Transmutation                7
   Summon Dragon                      Summoning                    9
Miscellaneous
 Y - a disc of storms


   Skills:
 + Level 9.6 Fighting
 * Level 18.3 Short Blades
 - Level 1.1 Throwing
 + Level 13.6 Dodging
 + Level 21.7 Stealth
 - Level 10.8 Spellcasting
 + Level 15.2 Hexes
 - Level 3.1 Evocations


You had 17 spell levels left.
You knew the following spells:

 Your Spells              Type           Power        Failure   Level  Hunger
a - Corona                Hex            ######.      0%          1    N/A
b - Ensorcelled Hibernat  Hex/Ice        ####..       1%          2    N/A
c - Confuse               Hex            ######..     1%          3    N/A
d - Invisibility          Hex            ######..     2%          6    N/A
e - Flight                Chrm/Air       #.........   30%         3    N/A
f - Silence               Hex/Air        ####......   14%         5    N/A

Dungeon Overview and Level Annotations

Branches:
Dungeon (15/16)            Temple (1/1) D:4             Orc (4/4) D:11
    Elf (0/3) Orc:3          Lair (8/8) D:11          Swamp (0/5) Lair:6
  Snake (5/5) Lair:6        Slime (0/6) Lair:8       Vaults (0/5) D:15

Altars:
Dithmengos
Elyvilon
Fedhas
Kikubaaqudgha
Nemelex Xobeh
Okawaru
Sif Muna
Trog
Xom
Yredelemnul
the Shining One
Jiyva

Shops:
D:12 (   D:15 *   Orc:3 /   Orc:4 %(!*

Portals:
Trove: D:10 (give +4 ice dragon armour)

Annotations:
D:3 Moksha's ghost, average DjCj; Sigmund
D:14 Roxanne
Snake:5 1 exclusion


Innate Abilities, Weirdness & Mutations

You are tiny and cannot use many weapons and most armour.
You have supernaturally acute eyesight.
You are a herbivore.
((You cover ground extremely quickly.))*
You need consume almost no food.
((You have large cloven feet.))*
(You are partially covered in rugged brown scales (AC +1, +3% HP).)*
You are dopey. (Int -2)
Your magical capacity is low (-10% MP).


Message History

* * * LOW HITPOINT WARNING * * *
You feel very sick.
You start resting.
* * * LOW HITPOINT WARNING * * *
You feel very sick.
You start resting.
* * * LOW HITPOINT WARNING * * *
You feel very sick.
You start resting.
Your transformation is almost over.
* * * LOW HITPOINT WARNING * * *
You feel sick.
You start resting.
* * * LOW HITPOINT WARNING * * *
You feel very sick.
You start resting.
* * * LOW HITPOINT WARNING * * *
You feel sick.
You start resting.
You die...

.................########.....#..
.....................)...........
..%..............................
.................................
......)..........................
<..).............................
..............)..................
................)#######.........
................♣# ##.......##
...............)#######........##
?...................N......[....#
.................................
.................................
)................................
............######...............
.........#### ################
.<.......# #


There were no monsters in sight!

Vanquished Creatures
  Agnes (Snake:3)
  Kirke (Snake:1)
  Donald (Snake:2)
  Maud (Lair:3)
  Gastronok (Orc:1)
  Jorgrun (Snake:4)
  4 greater nagas (Snake:5)
  Azrael (Snake:4)
  A vault guard (D:15)
  A minotaur (Lab)
  2 fire dragons
  Harold (Lair:2)
  Josephine (D:9)
  A salamander (Snake:5)
  8 hydras
  Nessos (D:14)
  Erica (D:11)
  The ghost of nago the Fencer, a powerful HEBe of Trog (D:10)
  2 anacondas (Snake:2)
  A deep troll shaman (Lair:8)
  6 death yaks (Lair:8)
  36 naga warriors
  2 centaur warriors
  5 orc high priests (Orc:4)
  Nergalle (Lair:3)
  2 catoblepae
  A sea snake (Snake:1)
  Erolcha (Orc:3)
  5 unseen horrors
  6 skeletal warriors (D:15)
  6 orc knights
  An orc sorcerer (Orc:1)
  A wolf spider (Lair:6)
  7 hill giants
  A wolf spider zombie (D:14)
  6 cyclopes
  A phantasmal warrior (D:15)
  2 oklob plants (Lair:5)
  4 slime creatures (D:15)
  A griffon (D:15)
  30 black mambas
  An octopode (shapeshifter) (D:15)
  11 elephants
  6 fire drakes
  11 guardian serpents
  10 spiny frogs
  A feature mimic (D:14)
  6 yaktaurs (D:15)
  An efreet (D:15)
  6 trolls
  7 komodo dragons
  A hydra zombie (D:14)
  17 naga magi
  An elf (shapeshifter) (D:13)
  Sonja (D:13)
  A griffon zombie (D:15)
  3 two-headed ogres
  2 wraiths
  5 basilisks
  17 blink frogs
  A grizzly bear (Lair:8)
  A boulder beetle (Lair:8)
  A wyvern (D:14)
  5 sharks (Lair:3)
  9 fire bats
  18 ugly things
  32 yaks
  2 vampires
  2 fire elementals (Snake:4)
  An elephant slug (Lair:7)
  3 hogs (Snake:1)
  3 vampire mosquitoes (D:13)
  6 hungry ghosts
  2 clay golems (Volcano)
  A hill giant skeleton (D:9)
  24 wolves
  15 hippogriffs
  A necrophage (D:14)
  3 manticores
  32 orc warriors
  82 nagas
  An ice beast (D:7)
  10 porcupines
  7 sky beasts
  3 hell hounds
  5 giant goldfish (Lair:3)
  14 centaurs
  2 tengu (D:10)
  11 ogres
  Duvessa (Orc:1)
  A warg (Orc:2)
  A boring beetle (Lair:7)
  7 crocodiles
  16 water moccasins
  2 big kobolds
  2 giant slugs
  23 giant frogs
  4 agate snails
  A cyclops zombie (D:10)
  A gnoll sergeant (D:9)
  2 manticore skeletons
  A wyvern skeleton (D:12)
  A troll zombie (D:10)
  An eye of draining (D:10)
  4 killer bees (D:15)
  3 jellyfish
  7 wights
  2 electric eels
  A hippogriff skeleton (D:10)
  8 crimson imps
  5 goliath beetles
  Dowan (Orc:1)
  4 giant frog zombies
  A quasit (D:9)
  2 jellies
  Crazy Yiuf (D:3)
  A centaur skeleton (D:6)
  3 scorpions
  3 big fish (Lair:3)
  7 iguanas
  43 orc priests
  20 orc wizards
  7 hounds
  10 worker ants
  An ogre zombie (D:10)
  21 sheep
  2 big kobold zombies
  Ijyb (D:3)
  6 gnolls
  A big kobold simulacrum (D:10)
  34 green rats
  4 giant centipedes
  27 adders
  3 giant mites
  2 giant centipede zombies
  5 giant eyeballs
  4 giant geckos
  156 orcs
  3 ball pythons
  23 bats
  18 hobgoblins
  29 jackals
  2 oozes
  9 worms
  8 giant cockroaches
  A giant cockroach zombie (D:5)
  A giant gecko zombie (D:5)
  4 giant newts
  3 giant spores
  18 goblins
  12 kobolds
  An orc simulacrum (D:10)
  6 quokkas
  A quokka skeleton (D:8)
  21 rats
  A rat skeleton (D:4)
  5 ballistomycetes
1192 creatures vanquished.

Vanquished Creatures (others)
  2 plants (Snake:1)
2 creatures vanquished.

Grand Total: 1194 creatures vanquished

Notes
Turn   | Place    | Note
--------------------------------------------------------------
     0 | D:1      | Kae, the Spriggan Enchanter, began the quest for the Orb.
     0 | D:1      | Reached XP level 1. HP: 9/9 MP: 4/4
   573 | D:1      | Reached XP level 2. HP: 13/13 MP: 5/7
   577 | D:1      | Learned a level 2 spell: Ensorcelled Hibernation
   718 | D:1      | Reached skill level 4 in Hexes
  1117 | D:2      | Reached XP level 3. HP: 8/16 MP: 1/9
  1717 | D:2      | Reached XP level 4. HP: 11/21 MP: 13/13
  1830 | D:3      | Found an ancient bone altar of Kikubaaqudgha.
  1869 | D:3      | Noticed Ijyb
  1907 | D:3      | Killed Ijyb
  1907 | D:3      | Reached skill level 5 in Stealth
  2068 | D:3      | Noticed Moksha's ghost (average DjCj)
  2097 | D:3      | Learned a level 3 spell: Confuse
  2194 | D:3      | Noticed Sigmund
  2426 | D:3      | Noticed Crazy Yiuf
  2434 | D:3      | Killed Crazy Yiuf
  2548 | D:4      | Found a staircase to the Ecumenical Temple.
  2551 | D:4      | Reached XP level 5. HP: 14/24 MP: 16/16
  2557 | Temple   | Entered the Ecumenical Temple
  2574 | Temple   | Became a worshipper of Dithmengos
  2637 | D:4      | Noticed an ogre
  2641 | D:4      | Found a deep blue altar of Sif Muna.
  2659 | D:4      | Killed an ogre
  2659 | D:4      | Reached skill level 6 in Stealth
  2826 | D:4      | Reached XP level 6. HP: 24/28 MP: 14/19
  3060 | D:5      | Entered Level 5 of the Dungeon
  3110 | D:5      | Reached skill level 7 in Stealth
  3256 | D:5      | Reached skill level 5 in Hexes
  3420 | D:5      | Reached XP level 7. HP: 13/32 MP: 11/21
  3813 | D:6      | Reached skill level 5 in Short Blades
  3813 | D:6      | Reached skill level 8 in Stealth
  3935 | D:6      | You fall through a shaft!
  4259 | D:6      | Paralysed by a giant eyeball for 4 turns
  4336 | D:6      | Reached skill level 5 in Spellcasting
  4336 | D:6      | Reached XP level 8. HP: 36/36 MP: 19/24
  4339 | D:6      | Reached skill level 9 in Stealth
  4417 | D:6      | Found an iron altar of Okawaru.
  4418 | D:6      | Found a bloodstained altar of Trog.
  5097 | D:7      | Reached skill level 10 in Stealth
  5208 | D:7      | Acquired Dithmengos' first power
  5250 | D:7      | Paralysed by a giant eyeball for 3 turns
  5257 | D:7      | Paralysed by a giant eyeball for 4 turns
  5531 | D:7      | You fall through a shaft for 2 floors!
  5943 | D:8      | You fall through a shaft for 2 floors!
  5943 | D:10     | Entered Level 10 of the Dungeon
  5981 | D:10     | Noticed a hill giant
  5990 | D:10     | Killed a hill giant
  5990 | D:10     | Reached skill level 11 in Stealth
  5990 | D:10     | Reached XP level 9. HP: 39/39 MP: 27/27
  6643 | D:8      | Reached skill level 12 in Stealth
  7154 | D:9      | Acquired Dithmengos' second power
  7617 | D:10     | Noticed Josephine
  7644 | D:10     | Noticed a troll
  7647 | D:10     | Killed a troll
  7869 | D:10     | Reached XP level 10. HP: 41/44 MP: 27/29
  7943 | D:10     | Reached skill level 13 in Stealth
  8202 | D:10     | Noticed nago's ghost (powerful HEBe)
  8211 | D:10     | Learned a level 6 spell: Invisibility
  8492 | D:10     | Killed nago's ghost
  8774 | D:9      | Gained mutation: You are partially covered in rugged brown scales (AC +1, +3% HP). [mutagenic glow]
  9356 | D:9      | Reached skill level 10 in Short Blades
  9596 | D:9      | Killed Josephine
 10025 | D:10     | Found a portal to a secret trove of treasure.
 10353 | D:11     | Noticed Erica
 10734 | D:11     | Killed Erica
 10734 | D:11     | Reached skill level 14 in Stealth
 10818 | D:11     | Found a staircase to the Lair.
 10966 | D:11     | Found a staircase to the Orcish Mines.
 10994 | D:11     | Reached XP level 11. HP: 48/48 MP: 22/31
 11101 | D:12     | Acquired Dithmengos' third power
 11324 | D:12     | Reached skill level 15 in Stealth
 11349 | D:12     | Noticed a seven-headed hydra
 11351 | D:12     | Killed a seven-headed hydra
 11610 | D:12     | Noticed a hill giant
 11612 | D:12     | Killed a hill giant
 11760 | D:12     | Found Pishak's Antique Weapon Shop.
 11933 | Lair:1   | Entered Level 1 of the Lair of Beasts
 12291 | Lair:1   | Acquired Dithmengos' fourth power
 12291 | Lair:1   | Reached skill level 10 in Hexes
 12545 | Lair:1   | Reached skill level 16 in Stealth
 12563 | Lair:1   | Found a dark tunnel.
 12593 | Volcano  | Entered a volcano
 12674 | Volcano  | Found a bloodstained altar of Trog.
 12674 | Volcano  | Noticed a fire dragon
 12676 | Volcano  | Killed a fire dragon
 12901 | Volcano  | Reached XP level 12. HP: 52/52 MP: 33/33
 13036 | Lair:2   | Noticed Harold
 13041 | Lair:2   | Killed Harold
 13041 | Lair:2   | Reached skill level 10 in Spellcasting
 13106 | Lair:2   | Reached skill level 17 in Stealth
 13489 | Lair:2   | HP: 2/52 [blink frog (17)]
 13760 | Lair:2   | Noticed a four-headed hydra
 13767 | Lair:2   | Killed a four-headed hydra
 14295 | Lair:3   | Reached skill level 18 in Stealth
 14367 | Lair:3   | Noticed Nergalle
 14372 | Lair:3   | Killed Nergalle
 14724 | Lair:3   | Reached skill level 1 in Fighting
 14805 | Lair:3   | Noticed Maud
 15536 | Lair:3   | Reached XP level 13. HP: 53/58 MP: 21/34
 15757 | Lair:3   | Killed Maud
 16394 | Lair:3   | Reached skill level 5 in Dodging
 17867 | Lair:6   | Found a staircase to the Snake Pit.
 18442 | Lair:6   | Found a staircase to the Swamp.
 19258 | Lair:8   | Entered Level 8 of the Lair of Beasts
 19521 | Lair:8   | Reached skill level 15 in Short Blades
 19578 | Lair:8   | Found a staircase to the Slime Pits.
 19579 | Lair:8   | Found a viscous altar of Jiyva.
 19582 | Lair:8   | Reached XP level 14. HP: 67/67 MP: 28/35
 19875 | Lair:8   | Reached skill level 19 in Stealth
 20480 | Lair:2   | Gained mutation: You have large cloven feet. [potion of beneficial mutation]
 20667 | Orc:1    | Entered Level 1 of the Orcish Mines
 20955 | Orc:1    | Noticed Duvessa
 20955 | Orc:1    | Noticed Dowan
 20963 | Orc:1    | Killed Dowan
 20992 | Orc:1    | Killed Duvessa
 20998 | Orc:1    | Noticed Gastronok
 21015 | Orc:1    | Killed Gastronok
 21015 | Orc:1    | Reached skill level 5 in Fighting
 22193 | Orc:3    | Found a staircase to the Elven Halls.
 22201 | Orc:3    | Noticed Erolcha
 22210 | Orc:3    | Killed Erolcha
 22332 | Orc:3    | Found Rauresha's Magical Wand Shoppe.
 22916 | Orc:4    | Entered Level 4 of the Orcish Mines
 24076 | Orc:4    | Found Coptiot's Food Boutique.
 24076 | Orc:4    | Found Ohaukar's General Store.
 24076 | Orc:4    | Found Stuopy's Antique Weapon Boutique.
 24078 | Orc:4    | Found Onailial's Distillery.
 24544 | Lair:2   | Learned a level 3 spell: Flight
 24726 | D:13     | Reached skill level 10 in Dodging
 25054 | D:13     | Reached skill level 20 in Stealth
 25480 | D:13     | Reached XP level 15. HP: 52/75 MP: 7/36
 25745 | D:13     | Noticed Sonja
 25750 | D:13     | Killed Sonja
 25784 | D:13     | Gained mutation: Your magical capacity is low (-10% MP). [mutagenic glow]
 26958 | D:14     | Noticed Roxanne
 27181 | D:14     | Found a sparkling altar of Nemelex Xobeh.
 27442 | D:14     | Noticed Nessos
 27450 | D:14     | Killed Nessos
 27555 | D:15     | Entered Level 15 of the Dungeon
 27647 | D:15     | Found Plept's General Store.
 27687 | D:15     | Gained mutation: You are dopey. (Int -2) [mutagenic glow]
 28049 | D:15     | Found a gate to the Vaults.
 28106 | D:15     | Found a labyrinth entrance.
 28125 | Lab      | Entered a labyrinth
 28867 | Lab      | Got an ancient copper ring
 29213 | D:15     | Identified the ring "Shupnis" {+Fly Dex+3 Int+3} (You found it in a labyrinth)
 29954 | Snake:1  | Entered Level 1 of the Snake Pit
 30009 | Snake:1  | Noticed Kirke
 30420 | Snake:1  | Reached skill level 1 in Evocations
 31190 | Snake:2  | Noticed Donald
 32225 | Snake:1  | Killed Kirke
 32620 | Snake:2  | Reached XP level 16. HP: 82/82 MP: 33/33
 32859 | Snake:2  | Killed Donald
 33968 | Snake:3  | Noticed Agnes
 33970 | Snake:3  | Killed Agnes
 33970 | Snake:3  | Reached skill level 21 in Stealth
 34693 | Snake:4  | Reached XP level 17. HP: 84/88 MP: 33/33
 35383 | Snake:4  | Learned a level 5 spell: Silence
 35604 | Snake:4  | Noticed Jorgrun
 35606 | Snake:4  | Killed Jorgrun
 36093 | Snake:4  | Noticed Azrael
 36385 | Snake:4  | Killed Azrael
 36431 | Snake:5  | Entered Level 5 of the Snake Pit
 37514 | Snake:5  | Reached skill level 15 in Hexes
 43148 | Snake:5  | HP: 6/135 [poisoned by a greater naga (poison arrow)]
 43150 | Snake:5  | HP: 2/135 [poisoned by a greater naga (poison arrow)]
 43152 | Snake:5  | Succumbed to a greater naga's poison arrow

Action                   |  1- 3 |  4- 6 |  7- 9 | 10-12 | 13-15 | 16-18 || total
-------------------------+-------+-------+-------+-------+-------+-------++-------
Melee: Dagger            |   190 |    71 |   245 |   465 |  1008 |   448 ||  2427
       Unarmed           |       |       |       |       |     9 |       ||     9
Throw: Tomahawk          |       |       |       |     4 |     3 |       ||     7
 Cast: Corona            |     6 |     2 |       |     2 |       |     8 ||    18
       Ensorcelled Hiber |    17 |    47 |    97 |   225 |   470 |   349 ||  1205
       Confuse           |       |     1 |    17 |    44 |    58 |    81 ||   201
       Invisibility      |       |       |       |     5 |    13 |     1 ||    19
       Silence           |       |       |       |       |       |     2 ||     2
Invok: Shadow Step       |       |       |       |     2 |     9 |    12 ||    23
       Shadow Form       |       |       |       |       |       |     1 ||     1
Evoke: Wand              |       |       |     7 |     8 |     4 |    10 ||    29
       disc of storms    |       |       |       |       |     1 |       ||     1
  Use: Potion            |       |     1 |       |     6 |     3 |    12 ||    22
       Scroll            |       |       |    20 |     6 |    24 |     8 ||    58
 Stab: Sleeping          |    11 |    32 |    83 |   182 |   492 |   126 ||   926
       Confused          |       |     1 |    14 |    19 |    20 |    26 ||    80
       Distracted        |       |       |       |     3 |    13 |     4 ||    20
       Invisible         |       |       |       |    10 |    42 |     5 ||    57
